 Dungeon Sprint DCSS version 0.27.1-33-g824d729ab1 (webtiles) character file.

Game seed: 11085381571259738206

1803 Hipnos the Unseen (level 9, -4/55 HPs)
             Began as a Gargoyle Brigand on Dec 2, 2021.
             Was a Believer of Okawaru.
             Slain by a chaos spawn (6 damage)
             ... summoned by a kobold demonologist
             ... in the Dungeon (Sprint I: "Red Sonja").
             The game lasted 00:04:19 (449 turns).

Hipnos the Unseen (Gargoyle Brigand)                 Turns: 449, Time: 00:04:21

Health: -4/55      AC: 12    Str: 15    XL:     9   Next: 9%
Magic:  9/9        EV: 12    Int: 12    God:    Okawaru [**....]
Gold:   578        SH:  0    Dex: 14    Spells: 8/8 levels left

rFire    . . .     SeeInvis .   a - +2 dagger
rCold    . . .     Faith    .   (no shield)
rNeg     + . .     Spirit   .   b - +0 robe
rPois    ∞         Reflect  .   n - +2 hat
rElec    +         Harm     .   c - +0 cloak
rCorr    .         Rampage  .   (no gloves)
Will     .....     NoTele   +   m - +0 pair of boots
Stlth    +++++++...             (no amulet)
HPRegen  0.18/turn              (no ring)
MPRegen  0.11/turn              (no ring)

@: hasted, very quick
A: sickness immunity, AC +6, negative energy resistance 1, electricity
resistance, torment resistance 1, petrification resistance
a: Renounce Religion, Heroism


You were in the Dungeon.
You worshipped Okawaru.
Okawaru was pleased with you.
You visited 1 branch You collected 896 gold pieces.
You spent 318 gold pieces at shops.

Inventory:

Hand Weapons
 a - a +2 dagger (weapon)
Missiles
 d - 5 poisoned darts (quivered)
 e - 4 curare-tipped darts
Armour
 b - a +0 robe (worn)
 c - a +0 cloak (worn)
 m - a +0 pair of boots (worn)
 n - a +2 hat (worn)
Jewellery
 j - a +4 ring of slaying
Scrolls
 k - a scroll of blinking
 l - a scroll of identify {unknown}
Potions
 f - 3 potions of curing
 i - 2 potions of magic
 o - 2 potions of attraction {unknown}


   Skills:
 + Level 5.9 Fighting
 + Level 6.3 Short Blades
 * Level 5.3 Throwing
 + Level 2.1 Dodging
 * Level 18.9 Stealth


You had 8 spell levels left.
You didn't know any spells.
Your spell library was empty.

Dungeon Overview and Level Annotations

Branches:
Dungeon (1/1)

Altars:
Cheibriados
Dithmenos
Elyvilon
Fedhas
Gozag
Hepliaklqana
Kikubaaqudgha
Makhleb
Nemelex Xobeh
Okawaru
Qazlal
Ru
Sif Muna
Trog
Uskayaw
Vehumet
Wu Jian
Xom
Yredelemnul
Zin
The Shining One
Jiyva
Lugonu

Shops:
D *[[


Innate Abilities, Weirdness & Mutations

You are immune to sickness and miasma.
Your stone body is resilient. (AC +6)
You are immune to poison.
You resist negative energy. (rN+)
You are resistant to electric shocks. (rElec)
You are resistant to unholy torment.
You are immune to petrification.


Message History

The curare-tipped dart hits the kobold demonologist.
The kobold demonologist is poisoned.
The kobold demonologist convulses.
The kobold demonologist seems to slow down.
The kobold demonologist is moderately wounded.
The ufetubus hits you.
* * * LOW HITPOINT WARNING * * *
The ufetubus barely misses you. The iron imp closely misses you.
The iron imp hits you.
* * * LOW HITPOINT WARNING * * *
Unknown command.
Throw: 5 darts (curare)
Press: ? - help, Q - select action, (/) - cycle Shift-Dir - straight line, f - kobold demonologist, p - kobold demonologist
Aim: a kobold demonologist, wielding a +0 dagger and wearing a +0 robe (53% to hit)
You throw a curare-tipped dart.
The curare-tipped dart hits the kobold demonologist.
The kobold demonologist is poisoned.
The kobold demonologist convulses.
The kobold demonologist seems to slow down.
The kobold demonologist is moderately wounded.
The chaos spawn misses you.
The kobold demonologist hits you but does no damage.
Throw: 7 darts (poison)
Press: ? - help, Q - select action, (/) - cycle Shift-Dir - straight line, f/p - kobold demonologist
Aim: a kobold demonologist, wielding a +0 dagger and wearing a +0 robe (moderately wounded, very poisoned, slow, 53% to hit)
You throw a poisoned dart.
The poisoned dart barely misses the kobold demonologist.
The ufetubus misses you.
The ufetubus hits you but does no damage.
The kobold demonologist misses you.
Throw: 6 darts (poison)
Press: ? - help, Q - select action, (/) - cycle Shift-Dir - straight line, f/p - kobold demonologist
Aim: a kobold demonologist, wielding a +0 dagger and wearing a +0 robe (moderately wounded, very poisoned, slow, 53% to hit)
You throw a poisoned dart.
The poisoned dart hits the kobold demonologist!
The kobold demonologist looks as sick as possible!
The kobold demonologist is moderately wounded.
The ufetubus closely misses you. The ufetubus barely misses you.
The iron imp closely misses you. The iron imp hits you.
* * * LOW HITPOINT WARNING * * *
The chaos spawn gores you.
You die...

####################
'..#.)'..#__#..55K.#
#..'..#..'..'..#@45#
##'#####'#__####K55+
#..#...#.#### #####
####..##.#
___##'#_.+
∩..÷'..._#
.__##_.#'##+###
___###'#.#.)..###
######.####'###.##


You could see 2 kobold demonologists, a chaos spawn (summoned), 2 iron imps, a
white imp (summoned) and 2 ufetubi.

Vanquished Creatures
  Sonja (D)
  A deep troll (D)
  A slime creature (D)
  Sigmund (D)
  A yak (D)
  A floating eye (D)
  An ogre (D)
  A jelly (D)
  Ijyb (D)
  A ballistomycete spore (D)
10 creatures vanquished.

Vanquished Creatures (others)
  A ballistomycete spore (D)
1 creature vanquished.

Grand Total: 11 creatures vanquished

Notes
Turn   | Place    | Note
-------+----------+-------------------------------------------
     0 | D        | Hipnos the Gargoyle Brigand began the quest for the Orb.
     0 | D        | Reached XP level 1. HP: 12/12 MP: 1/1
     1 | D        | Noticed Ijyb
    13 | D        | Killed Ijyb
    14 | D        | Reached skill level 7 in Stealth
    14 | D        | Reached XP level 2. HP: 18/18 MP: 2/2
    70 | D        | Noticed an ogre
    88 | D        | Killed an ogre
    89 | D        | Reached skill level 1 in Dodging
    89 | D        | Reached skill level 10 in Stealth
    89 | D        | Reached XP level 3. HP: 23/23 MP: 3/3
    89 | D        | Reached XP level 4. HP: 28/28 MP: 4/4
   116 | D        | Noticed Sigmund
   119 | D        | Killed Sigmund
   120 | D        | Reached skill level 13 in Stealth
   120 | D        | Reached XP level 5. HP: 33/33 MP: 5/5
   120 | D        | Reached XP level 6. HP: 38/38 MP: 6/6
   131 | D        | Found an ornate altar of the Wu Jian Council.
   131 | D        | Found a shimmering blue altar of Sif Muna.
   133 | D        | Found a radiant altar of Vehumet.
   142 | D        | Found Cepida's Antique Armour Emporium.
   142 | D        | Found an ancient bone altar of Kikubaaqudgha.
   142 | D        | Found a hazy altar of Hepliaklqana.
   142 | D        | Found a stormy altar of Qazlal.
   142 | D        | Found a hide-covered altar of Uskayaw.
   142 | D        | Found a blossoming altar of Fedhas.
   142 | D        | Found a bloodstained altar of Trog.
   142 | D        | Found an iron altar of Okawaru.
   142 | D        | Found a basalt altar of Yredelemnul.
   142 | D        | Found a glowing golden altar of the Shining One.
   142 | D        | Found a snail-covered altar of Cheibriados.
   142 | D        | Found a sacrificial altar of Ru.
   142 | D        | Found a glowing silver altar of Zin.
   142 | D        | Found a shadowy altar of Dithmenos.
   142 | D        | Found a white marble altar of Elyvilon.
   142 | D        | Noticed a yak
   143 | D        | Found an opulent altar of Gozag.
   144 | D        | Killed a yak
   145 | D        | Reached skill level 14 in Stealth
   145 | D        | Reached XP level 7. HP: 44/44 MP: 7/7
   145 | D        | Found a sparkling altar of Nemelex Xobeh.
   150 | D        | Became a worshipper of Warmaster Okawaru
   183 | D        | Noticed Sonja
   187 | D        | Killed Sonja
   187 | D        | Reached * piety under Okawaru
   188 | D        | Reached skill level 5 in Fighting
   188 | D        | Reached skill level 5 in Short Blades
   188 | D        | Reached skill level 17 in Stealth
   188 | D        | Reached XP level 8. HP: 49/49 MP: 8/8
   239 | D        | Found Xyucan's Assorted Antiques.
   247 | D        | Bought a pair of boots for 126 gold pieces
   337 | D        | Noticed a deep troll
   341 | D        | Killed a deep troll
   341 | D        | Reached ** piety under Okawaru
   342 | D        | Reached skill level 5 in Throwing
   342 | D        | Reached skill level 18 in Stealth
   351 | D        | Found Ucuzimer's Armour Emporium.
   359 | D        | Bought a +2 hat for 192 gold pieces
   399 | D        | Found a burning altar of Makhleb.
   399 | D        | Found a viscous altar of Jiyva.
   399 | D        | Found a shimmering altar of Xom.
   399 | D        | Found a corrupted altar of Lugonu.
   399 | D        | Noticed a slime creature
   402 | D        | Killed a slime creature
   403 | D        | Reached XP level 9. HP: 55/55 MP: 9/9
   414 | D        | Noticed a kobold demonologist
   415 | D        | Noticed a kobold demonologist
   420 | D        | Paralysed by a floating eye for 2 turns
   425 | D        | Paralysed by a floating eye for 4 turns
   449 | D        | HP: 2/55 [iron imp[a kobold demonologist] (6)]
   449 | D        | Slain by a chaos spawn

Illustrated notes

Levels and vault maps discovered:
D:        dungeon_sprint_1 [red_sonja_temple_1, red_sonja_temple_small_1]

Skill      XL: |  1  2  3  4  5  6  7  8 |
---------------+-------------------------+-----
Short Blades   | 2 3 4 5 6 |  6.3
Throwing       | 2 3 4 5 |  5.3
Stealth        | 7 10 13 14 17 18 | 18.9
Fighting       | 3 4 5 |  5.9
Dodging        | 1 2 |  2.1

Action                   |  1- 3 |  4- 6 |  7- 9 || total
-------------------------+-------+-------+-------++-------
Melee: Dagger            |    11 |     3 |    24 ||    38
Throw: Dart              |     4 |       |     4 ||     8
  Use: Potion            |     1 |       |     2 ||     3
 Stab: Sleeping          |       |     3 |     4 ||     7
Armor: Robe              |     2 |       |    69 ||    71
Dodge: Dodged            |     2 |       |    45 ||    47
